 Dungeon Crawl Stone Soup version 0.22-a0-281-g2e20325899 (webtiles) character file.

17414 Manul the Covert (level 12, -17/92 HPs)
             Began as a Demonspawn Assassin on Mar 16, 2018.
             Was an Initiate of Gozag.
             Killed from afar by Frances (19 damage)
             ... with a shard of ice
             ... on level 12 of the Dungeon on Mar 17, 2018.
             The game lasted 00:20:17 (15881 turns).

Manul the Covert (Demonspawn Assassin)             Turns: 15881, Time: 00:20:18

Health: -17/92     AC: 20    Str: 16    XL:     12   Next: 18%
Magic:  12/12      EV: 14    Int: 12    God:    Gozag
Gold:   1562       SH:  0    Dex: 27    Spells: 11/11 levels left

rFire    . . .     SeeInvis .   M - +2 short sword (elec)
rCold    + . .     Gourm    .   (no shield)
rNeg     + . .     Faith    .   R - +4 scale mail of Wariness {*Corrode rN+ Dex+6}
rPois    .         Spirit   .   (helmet restricted)
rElec    .         Reflect  .   d - +1 cloak
rCorr    .         Harm     .   J - +0 pair of gloves
MR       .....                  u - +0 pair of boots
Stlth    ++++++....             (no amulet)
HPRegen  0.65/turn              V - ring of Umaow {rC+ Str+5 Stlth+}
MPRegen  0.13/turn              S - +2 ring of slaying

@: weakened
A: horns 2, molten scales 2, agile 1, blink, nightstalker 1, regeneration 1,
weak 1, rot immunity
a: Blink, Potion Petition, Call Merchant, Bribe Branch, Renounce Religion


You were on level 12 of the Dungeon.
You worshipped Gozag.
Gozag was most pleased with you.
You were not hungry.

You visited 2 branches of the dungeon, and saw 13 of its levels.
You also visited: Sewer and Ossuary.

You collected 2825 gold pieces.
You spent 434 gold pieces at shops.
You paid 829 gold pieces to Gozag.

Inventory:

Hand Weapons
 b - a +0 blowgun
 x - a +2 whip of draining
 M - a +2 short sword of electrocution (weapon)
Missiles
 e - 57 poisoned needles
 z - 8 needles of paralysis
 W - a throwing net (quivered)
Armour
 d - a +1 cloak (worn)
 u - a +0 pair of boots (worn)
 J - a +0 pair of gloves (worn)
 R - the +4 scale mail of Wariness (worn) {*Corrode rN+ Dex+6}
   (You bought it in a shop on level 10 of the Dungeon)

   It affects your dexterity (+6).
   It protects you from negative energy.
   It may corrode you when you take damage.
Jewellery
 S - a +2 ring of slaying (right hand)
 V - the ring of Umaow (left hand) {rC+ Str+5 Stlth+}
   (You bought it in a shop on level 10 of the Dungeon)

   [ring of protection from cold]

   It affects your strength (+5).
   It protects you from cold.
   It makes you more stealthy.
Wands
 w - a wand of polymorph (5)
 F - a wand of iceblast (10)
 G - a wand of paralysis (37)
 K - a wand of flame (67)
 O - a wand of random effects (6)
 Q - a wand of acid (10)
Scrolls
 a - a scroll of immolation {unknown}
 p - 5 scrolls of enchant armour
 q - 10 scrolls of teleportation
 t - 4 scrolls of fog
 A - 7 scrolls of remove curse
 B - 2 scrolls of summoning {unknown}
 C - 5 scrolls of identify
 D - a scroll of acquirement {unknown}
 H - 2 scrolls of magic mapping {unknown}
 T - a scroll of enchant weapon {unknown}
 U - 2 scrolls of amnesia {unknown}
Potions
 h - a potion of resistance
 j - 2 potions of degeneration {unknown}
 l - 6 potions of cancellation {unknown}
 m - a potion of berserk rage {unknown}
 n - 4 potions of flight {unknown}
 o - 3 potions of curing
 r - a potion of mutation
 s - a potion of heal wounds
 v - 2 potions of might
 E - a potion of invisibility {unknown}
 L - a potion of ambrosia {unknown}
 N - 2 potions of haste {unknown}
Miscellaneous
 P - a fan of gales
Comestibles
 g - 13 rations


   Skills:
 + Level 7.9 Fighting
 + Level 7.7 Short Blades
 - Level 6.1 Maces & Flails
 - Level 1.8 Throwing
 + Level 8.3 Armour
 + Level 5.7 Dodging
 * Level 11.3 Stealth
 + Level 0.2 Unarmed Combat


You had 11 spell levels left.
You didn't know any spells.

Dungeon Overview and Level Annotations

Branches:
Dungeon (12/15)            Temple (1/1) D:4            Lair (0/6) D:8
    Orc (0/2) D:9

Altars:
Cheibriados
Elyvilon
Fedhas
Gozag
Makhleb
Nemelex Xobeh
Okawaru
Qazlal
Ru
Sif Muna
Trog
Uskayaw
Vehumet
Wu Jian
Xom
Yredelemnul
Zin
The Shining One

Shops:
D:7 ?   D:10 *

Annotations:
D:12 Frances


Innate Abilities, Weirdness & Mutations

You have a pair of horns on your head.
You are mostly covered in molten scales. (AC +3)
You are slightly more attuned to the shadows.
You are immune to rotting.
You are agile. (Dex +2)
You can translocate small distances at will.
Your natural rate of healing is unusually fast.
You are weak. (Str -2)


Message History

The iron shot hits you!
Evoke which item? (* to show all) (? for menu, Esc to quit)
Aiming: Iceblast
Press: ? - help, Shift-Dir - straight line, f/p - Frances
Aim: Frances, wielding a halberd and wearing a scale mail (severely wounded, fast)
The mass of ice explodes!
The iceblast engulfs Frances.
Frances is almost dead.
The iceblast engulfs the ice devil.
The ice devil partially resists.
The ice devil is lightly wounded.
Frances mutters in a terrible tongue.
The iron shot hits you!
* * * LOW HITPOINT WARNING * * *
Okay, then.
You blink.
You feel slightly more hungry. The orange demon barely misses you.
The orange demon closely misses you.
You blink.
You feel slightly more hungry.
Frances chants phrases taken from a devil's mouth.
The shard of ice hits you! You partially resist.
You die...
Your body crumbles into a pile of gold.

...).#.............##+#..[..#
.....#(............#..#.....#
.....#(............#.....)..#
###[##(......444...##..######
###'#......#'##....#...#
#...'......#.ยง#.@..#...#
#...#......#..4....#.>.#
##'##......#'##....#'#######
......######..##@.....##...#
......#....'...#......#....#
......#....#...#......#....#
..))..#....#...#......###'##
..))..#....#...#......#....#
......###.######......'....#
#.......#####..#......#....#
#.......#......#......#....#
#.......#......#......#....#


You could see Frances, an orange demon, an ice devil and a rust devil.

Vanquished Creatures
  Snorg (D:12)
  Harold (D:12)
  5 two-headed ogres
  The ghost of Zaque the Chucker, a novice OgAM of Okawaru (D:6)
  2 manticores (D:11)
  The ghost of mora the Thrower, a novice SpAs of Trog (D:7)
  A gargoyle (D:11)
  The ghost of WhatIsLove the Magician, a novice GnWz (D:4)
  2 trolls
  Prince Ribbit (D:5)
  2 hippogriffs
  A wraith (D:10)
  15 yaks
  A wyvern (D:12)
  A basilisk (D:11)
  A hungry ghost (D:8)
  A warg (D:9)
  2 ice beasts
  4 sky beasts
  Duvessa (D:7)
  5 orc warriors
  2 phantoms
  6 ogres
  13 centaurs
  2 crocodiles
  Blork the orc (D:4)
  3 big kobolds
  7 bullfrogs
  Dowan (D:7)
  2 scorpions (D:5)
  3 wights (D:9)
  12 killer bees
  3 howler monkeys (D:8)
  3 crimson imps
  5 bullfrog zombies
  8 hounds
  A human zombie (Ossuary)
  4 jellies
  2 bullfrog skeletons
  22 orc wizards
  4 orc priests
  A centaur skeleton (D:6)
  8 worker ants
  2 big kobold zombies (Ossuary)
  2 hound zombies (Ossuary)
  4 mummies (Ossuary)
  2 worker ant zombies
  2 gnolls
  12 adders
  2 river rats (Sewer)
  A shadow imp (D:11)
  2 oozes
  2 adder skeletons
  2 adder zombies
  2 worms
  A dart slug (D:1)
  5 leopard geckos
  51 orcs
  4 bats
  4 giant cockroaches
  4 goblins
  8 hobgoblins
  4 jackals
  3 quokkas
  3 ball pythons
  3 frilled lizards
  2 jackal zombies (Ossuary)
  17 kobolds
  4 kobold zombies (Ossuary)
  2 quokka zombies (D:5)
  19 rats
332 creatures vanquished.

Vanquished Creatures (others)
  An orc wizard (D:6)
1 creature vanquished.

Grand Total: 333 creatures vanquished

Notes
Turn   | Place    | Note
-------+----------+-------------------------------------------
     0 | D:1      | Manul the Demonspawn Assassin began the quest for the Orb.
     0 | D:1      | Reached XP level 1. HP: 16/16 MP: 1/1
   582 | D:1      | Reached skill level 4 in Stealth
   582 | D:1      | Gained mutation: You are partially covered in molten scales. (AC +2) [demonic ancestry]
   582 | D:1      | Reached XP level 2. HP: 18/22 MP: 2/2
  1232 | D:2      | Gained mutation: You are mostly covered in molten scales. (AC +3) [demonic ancestry]
  1232 | D:2      | Reached XP level 3. HP: 24/27 MP: 3/3
  1733 | D:2      | Gained mutation: You are slightly more attuned to the shadows. [demonic ancestry]
  1733 | D:2      | Reached XP level 4. HP: 33/33 MP: 4/4
  1748 | D:2      | Reached skill level 1 in Dodging
  2364 | D:3      | Reached skill level 1 in Armour
  2506 | D:3      | Found a glowing drain.
  2526 | Sewer    | Entered a sewer
  2531 | Sewer    | Gained mutation: You are immune to rotting. [demonic ancestry]
  2531 | Sewer    | Reached XP level 5. HP: 35/39 MP: 5/5
  2823 | Sewer    | Reached skill level 5 in Stealth
  2989 | Sewer    | Found a white marble altar of Elyvilon.
  3299 | D:3      | Gained mutation: You have a pair of small horns on your head. [demonic ancestry]
  3299 | D:3      | Reached XP level 6. HP: 22/46 MP: 6/6
  4034 | D:4      | Noticed WhatIsLove's ghost (novice GnWz)
  4169 | D:4      | Killed WhatIsLove's ghost
  4169 | D:4      | Reached XP level 7. HP: 26/52 MP: 7/7
  4509 | D:4      | Found a staircase to the Ecumenical Temple.
  4536 | Temple   | Entered the Ecumenical Temple
  4594 | Temple   | Became a worshipper of Gozag Ym Sagoz the Greedy
  4776 | D:4      | Noticed Blork the orc
  5147 | D:4      | Killed Blork the orc
  5378 | D:5      | Entered Level 5 of the Dungeon
  5399 | D:5      | Noticed Prince Ribbit
  5409 | D:5      | Killed Prince Ribbit
  5409 | D:5      | Reached skill level 1 in Maces & Flails
  5471 | D:5      | Found a sand-covered staircase.
  5479 | Ossuary  | Entered an ossuary
  5554 | Ossuary  | Reached XP level 8. HP: 49/58 MP: 8/8
  5575 | Ossuary  | Reached skill level 6 in Stealth
  6178 | D:5      | Found a stormy altar of Qazlal.
  7398 | D:6      | Noticed Zaque's ghost (novice OgAM)
  7468 | D:6      | Killed Zaque's ghost
  7468 | D:6      | Reached skill level 5 in Maces & Flails
  7468 | D:6      | Reached skill level 7 in Stealth
  7468 | D:6      | Gained mutation: You have a pair of horns on your head. [demonic ancestry]
  7468 | D:6      | Reached XP level 9. HP: 40/66 MP: 9/9
  7977 | D:5      | Found an iron altar of Okawaru.
  8332 | D:6      | Reached skill level 5 in Armour
  8694 | D:6      | Gained mutation: You can translocate small distances at will. [potion of mutation]
  8694 | D:6      | Gained mutation: Your natural rate of healing is unusually fast. [potion of mutation]
  8694 | D:6      | Gained mutation: You are weak. (Str -2) [potion of mutation]
  8694 | D:6      | Gained mutation: You are agile. (Dex +2) [potion of mutation]
  8738 | D:6      | Reached skill level 5 in Fighting
  9273 | D:7      | Reached skill level 8 in Stealth
  9390 | D:7      | Noticed mora's ghost (novice SpAs)
  9457 | D:7      | Killed mora's ghost
  9457 | D:7      | Reached XP level 10. HP: 61/74 MP: 10/10
  9524 | D:7      | Noticed Duvessa
  9524 | D:7      | Noticed Dowan
  9539 | D:7      | Killed Duvessa
  9555 | D:7      | Killed Dowan
  9588 | D:7      | Found Ikug's Magic Scroll Shop.
 10138 | D:8      | Found a staircase to the Lair.
 10527 | D:8      | Reached skill level 9 in Stealth
 10933 | D:9      | Noticed a two-headed ogre
 10943 | D:9      | Killed a two-headed ogre
 10949 | D:9      | Upgraded the game from 0.22-a0-280-g69bf1f34de to 0.22-a0-281-g2e20325899
 10959 | D:9      | Reached skill level 5 in Dodging
 11152 | D:9      | Found a staircase to the Orcish Mines.
 11448 | D:9      | Reached skill level 5 in Short Blades
 11492 | D:9      | Noticed a two-headed ogre
 11495 | D:9      | Killed a two-headed ogre
 11846 | D:10     | Entered Level 10 of the Dungeon
 11873 | D:10     | Reached XP level 11. HP: 83/83 MP: 11/11
 11887 | D:10     | Noticed a two-headed ogre
 11904 | D:10     | Reached skill level 10 in Stealth
 12493 | D:10     | Found a sacrificial altar of Ru.
 12930 | D:10     | Killed a two-headed ogre
 13932 | D:10     | Bought a slimy scale mail for 279 gold pieces
 13932 | D:10     | Bought a crude tin ring for 155 gold pieces
 13932 | D:10     | Identified the ring of Umaow {rC+ Str+5 Stlth+} (You bought it in a shop on level 10 of the Dungeon)
 13944 | D:10     | Identified the +4 scale mail of Wariness {*Corrode rN+ Dex+6} (You bought it in a shop on level 10 of the Dungeon)
 15254 | D:12     | Noticed Harold
 15264 | D:12     | Killed Harold
 15296 | D:12     | Noticed Snorg
 15302 | D:12     | Killed Snorg
 15302 | D:12     | Reached skill level 11 in Stealth
 15302 | D:12     | Reached XP level 12. HP: 86/92 MP: 12/12
 15416 | D:12     | Noticed a two-headed ogre
 15421 | D:12     | Killed a two-headed ogre
 15461 | D:12     | Noticed a two-headed ogre
 15472 | D:12     | Killed a two-headed ogre
 15639 | D:12     | Noticed Frances
 15881 | D:12     | Killed from afar by Frances

Vault maps used:
D:1:      zaba_arrival_water
D:2:      first_ration
D:3:      portal_sewer_entry_e
D:4:      minmay_temple_entry_glass, uniq_blork_the_orc
D:5:      lemuel_upstairs_altar, lemuel_crystal_altar, enter_ossuary_4,
          uniq_prince_ribbit1
D:6:      minmay_flawed_box, corexii_corridor_pit
D:7:      serial_shops, shop, uniq_duvessa
D:8:      lair_entry_dummy, blue_anna_alchemist
D:9:      david_orc_1_choice
D:10:     nicolae_ru_sacrificial_ziggurat
D:12:     uniq_snorg, uniq_frances, uniq_harold
Temple:   nicolae_temple_the_god_donut
Sewer:    sewer_kobolds
Ossuary:  ossuary_minmay_tomb_2a

Skill      XL: |  1  2  3  4  5  6  7  8  9 10 11 |
---------------+----------------------------------+-----
Stealth        | 4 5 7 8 9 11 | 11.3
Short Blades   | 2 3 4 5 7 |  7.7
Dodging        | 1 2 3 4 5 |  5.7
Armour         | 1 2 3 4 5 6 8 |  8.3
Fighting       | 3 4 5 6 7 |  7.9
Maces & Flails | 1 5 6 |  6.1
Throwing       | |  1.8
Unarmed Combat | |  0.2

Action                   |  1- 3 |  4- 6 |  7- 9 | 10-12 || total
-------------------------+-------+-------+-------+-------++-------
Melee: Dagger            |   121 |   345 |    15 |    29 ||   510
       Headbutt          |       |    14 |   138 |   162 ||   314
       Whip              |       |       |   686 |   158 ||   844
       Unarmed           |       |       |     6 |       ||     6
       Punch             |       |       |     1 |       ||     1
       Short sword       |       |       |       |   501 ||   501
 Fire: Blowgun           |       |       |       |     7 ||     7
Throw: Throwing net      |       |       |       |     2 ||     2
Invok: Call Merchant     |       |       |       |     1 ||     1
 Abil: Blink             |       |       |       |     2 ||     2
Evoke: Wand              |       |       |       |     1 ||     1
  Use: Scroll            |     4 |     3 |     2 |     3 ||    12
       Potion            |       |     2 |     5 |     2 ||     9
 Stab: Sleeping          |     1 |     4 |    16 |    27 ||    48
       Distracted        |       |     2 |     5 |     2 ||     9
       Held in net/web   |       |       |       |     1 ||     1
  Eat: Chunk             |     3 |     7 |     3 |       ||    13
       Ration            |       |       |     5 |     8 ||    13
Armor: Ring mail         |    38 |   111 |    11 |       ||   160
       Skin              |       |    40 |       |       ||    40
       Scale mail        |       |       |   397 |   321 ||   718
Dodge: Dodged            |    42 |   118 |   382 |   371 ||   913

Table legend:
 A = Spawn XP
 B = Non-spawn XP
 C = Spawn XP percentage of total XP
 D = Spawn monster count
 E = Non-spawn monster count
 F = Spawn count percentage of total count
 G = Total turns spent on level
                    A         B        C        D         E        F      G
               +---------+---------+-------+---------+---------+-------+---------
         Total |       0 |   24878 |   0.0 |       0 |     333 |   0.0 | 15881
               +---------+---------+-------+---------+---------+-------+---------
           D:1 |       0 |      24 |   0.0 |       0 |      10 |   0.0 |   923
           D:2 |       0 |      94 |   0.0 |       0 |      26 |   0.0 |  1260
           D:3 |       0 |     176 |   0.0 |       0 |      36 |   0.0 |  1463
           D:4 |       0 |     552 |   0.0 |       0 |       6 |   0.0 |   815
           D:5 |       0 |     941 |   0.0 |       0 |      21 |   0.0 |  1009
           D:6 |       0 |    2330 |   0.0 |       0 |      39 |   0.0 |  1832
           D:7 |       0 |    1580 |   0.0 |       0 |      20 |   0.0 |  1110
           D:8 |       0 |    1714 |   0.0 |       0 |      37 |   0.0 |   774
           D:9 |       0 |    3120 |   0.0 |       0 |      25 |   0.0 |  1171
          D:10 |       0 |    4215 |   0.0 |       0 |      29 |   0.0 |  1329
          D:11 |       0 |    3973 |   0.0 |       0 |      33 |   0.0 |  2052
          D:12 |       0 |    5806 |   0.0 |       0 |      23 |   0.0 |   584
         Sewer |       0 |     136 |   0.0 |       0 |      12 |   0.0 |   507
       Ossuary |       0 |     217 |   0.0 |       0 |      16 |   0.0 |   642
               +---------+---------+-------+---------+---------+-------+---------
